 Dungeon Crawl Stone Soup version 0.24-a0-235-g3f03afc (webtiles) character file.

Game seed: 17536574306598414440

10 Gorice the Sneak (level 2, -1/26 HPs)
             Began as a Gnoll Wanderer on Apr 6, 2019.
             Succumbed to a goblin's poison
             ... on level 1 of the Dungeon.
             The game lasted 00:01:54 (255 turns).

Gorice the Sneak (Gnoll Wanderer)                    Turns: 255, Time: 00:01:55

Health: -1/26      AC:  2    Str: 14    XL:     2   Next: 20%
Magic:  3/3        EV: 13    Int: 13    God:
Gold:   45         SH:  0    Dex: 15    Spells: 1/1 levels left

rFire    . . .     SeeInvis .   a - +0 quarterstaff
rCold    . . .     Gourm    .   (shield currently unavailable)
rNeg     . . .     Faith    .   e - +0 robe
rPois    .         Spirit   .   (no helmet)
rElec    .         Reflect  .   (no cloak)
rCorr    .         Harm     .   (no gloves)
MR       .....                  (no boots)
Stlth    +++.......             g - amulet of inaccuracy (curse)
HPRegen  0.08/turn              (no ring)
MPRegen  0.08/turn              (no ring)

@: lethally poisoned (-1 -> -27)
A: distributed training, fangs 1, strong nose
a: no special abilities


You were on level 1 of the Dungeon.
You were not hungry.

You visited 1 branch of the dungeon, and saw 1 of its levels.

You collected 45 gold pieces.

Inventory:

Hand Weapons
 a - a +0 quarterstaff (weapon)
 c - a +2 dagger
Missiles
 Y - 20 stones (quivered)
Armour
 e - a +0 robe (worn)
Jewellery
 g - a cursed amulet of inaccuracy (around neck)
Scrolls
 b - a scroll of blinking
 d - a scroll of teleportation {!r}
 i - 2 scrolls of identify
Potions
 k - a potion of brilliance {!q}
Comestibles
 f - a ration
 j - 4 chunks of flesh


   Skills:
 + Level 4.4 Fighting
 + Level 0.3 Short Blades
 + Level 0.3 Long Blades
 + Level 0.3 Axes
 + Level 0.3 Maces & Flails
 + Level 0.3 Polearms
 + Level 2.4 Staves
 + Level 0.3 Slings
 + Level 0.3 Bows
 + Level 0.3 Crossbows
 + Level 0.3 Throwing
 + Level 0.3 Armour
 + Level 2.4 Dodging
 + Level 5.9 Stealth
 + Level 2.4 Shields
 + Level 2.4 Unarmed Combat
 + Level 0.3 Spellcasting
 + Level 0.2 Conjurations
 + Level 0.2 Hexes
 + Level 0.2 Charms
 + Level 0.2 Summonings
 + Level 0.2 Necromancy
 + Level 0.2 Translocations
 + Level 0.2 Transmutations
 + Level 0.2 Fire Magic
 + Level 0.2 Ice Magic
 + Level 0.2 Air Magic
 + Level 0.2 Earth Magic
 + Level 0.2 Poison Magic
 + Level 0.4 Invocations
 + Level 2.4 Evocations


You had one spell level left.
You didn't know any spells.
Your spell library was empty.

Dungeon Overview and Level Annotations

Branches:
Dungeon (1/15)

Altars:


Innate Abilities, Weirdness & Mutations

Your experience applies equally to all skills.
You have very sharp teeth.
Your uncanny sense of smell can sniff out nearby items.


Message History

j - 4 chunks of flesh (gained 1)
You see here a rat skeleton.
You now have 45 gold pieces (gained 13).
k - a pink potion
As you read the scroll labeled RUAXEI PEALIMI, it crumbles to dust.
It is a scroll of identify.
k - a potion of brilliance
As you read the scroll labeled GUOCLO MONKEN, it crumbles to dust.
It is a scroll of amnesia.
You feel forgetful for a moment.
You see here a robe.
A goblin comes into view. It is wielding a +1 dagger of venom.
Found an escape hatch in the floor.
The goblin shouts!
The goblin hits you but does no damage.
You are poisoned.
A kobold comes into view. It is wielding a +0 club.
The kobold moves out of view.
You closely miss the goblin.
You feel sick. The goblin misses you. The goblin hits you but does no damage.
You are more poisoned.
Damage: 1 (max 1)
You barely miss the goblin.
You feel sick. The goblin hits you but does no damage.
Damage: 2 (max 2)
You miss the goblin.
You feel sick.
The goblin hits you with a +1 dagger of venom.
You are lethally poisoned!
Damage: 6 (max 6)
You barely miss the goblin.
You feel very sick. The goblin hits you but does no damage.
You are more poisoned.
Damage: 2 (max 6)
You feel very sick.
Damage: 3 (max 6)
* * * LOW HITPOINT WARNING * * *
You feel sick.
Damage: 2 (max 6)
* * * LOW HITPOINT WARNING * * *
You feel very sick.
Damage: 3 (max 6)
* * * LOW HITPOINT WARNING * * *
You feel sick.
Damage: 2 (max 6)
* * * LOW HITPOINT WARNING * * *
You feel sick.
Damage: 2 (max 6)
Okay, then.
You die...

#.#>..........
#.############
#.# # #.# #
#.# # #.#
######## #.#
#...(...
###########.#
#.......
#....g.@....#
#.......
#.###########
#......^ #.#
#....... #>#
#....... #.#
#....... #.#
#....... #.. ∆
###.####.# ###
##.........
#..........


You could see a goblin.

Vanquished Creatures
  2 bats (D:1)
  2 giant cockroaches (D:1)
  A goblin (D:1)
  A hobgoblin (D:1)
  A kobold (D:1)
  2 rats (D:1)
9 creatures vanquished.

Notes
Turn   | Place    | Note
-------+----------+-------------------------------------------
     0 | D:1      | Gorice the Gnoll Wanderer began the quest for the Orb.
     0 | D:1      | Gorice set off with the following items: a +2 dagger, a
                  | scroll of blinking, a +0 quarterstaff, a scroll of
                  | teleportation {!r}, a +0 robe, a ration
     0 | D:1      | Reached XP level 1. HP: 20/20 MP: 2/2
   131 | D:1      | Reached XP level 2. HP: 22/26 MP: 3/3
   252 | D:1      | HP: 5/26 [poisoned by a goblin]
   254 | D:1      | HP: 1/26 [poisoned by a goblin]
   255 | D:1      | Succumbed to a goblin's poison

Levels and vault maps discovered:
D:1:      wander_arrival_desolate, layout_basic

Action                   || total
-------------------------++-------
Melee: Quarterstaff      ||    43
       Bite              ||     5
  Use: Scroll            ||     2
 Stab: Sleeping          ||     2
Armor: Robe              ||    10
Dodge: Dodged            ||    31

Table legend:
 A = Non-vault XP
 B = Vault XP
 C = Vault XP percentage of total XP
 D = Non-vault monster count
 E = Vault monster count
 F = Vault count percentage of total count
                 A         B        C        D         E       F
            +---------+---------+-------+---------+---------+-------
      Total |      15 |       0 |   0.0 |       9 |       0 |   0.0
            +---------+---------+-------+---------+---------+-------
        D:1 |      15 |       0 |   0.0 |       9 |       0 |   0.0
            +---------+---------+-------+---------+---------+-------

Table legend:
 A = Turns spent in this place as a percentage of turns spent in the entire game.
 B = Non-inter-level travel turns spent in this place as a percentage of non-inter-level travel turns spent in the entire game.
 C = Inter-level travel turns spent in this place as a percentage of turns spent in this place.
 D = Turns resting spent in this place as a percentage of non-inter-level travel turns spent in this place.
 E = Turns spent auto-exploring this place as a percentage of non-inter-level travel turns spent in this place.
 F = Non-inter-level travel turns spent in this place divided by the number of levels of this place that you've seen.
                   A       B       C       D       E      F
               +-------+-------+-------+-------+-------+----------------------
         Total | 100.0 | 100.0 |   0.0 |  15.3 |  14.9 | 255.0
       Dungeon | 100.0 | 100.0 |   0.0 |  15.3 |  14.9 | 255.0
               +-------+-------+-------+-------+-------+----------------------

Levels and vault maps discovered:
D:1:      wander_arrival_desolate, layout_basic
